 Seeded DCSS version 0.30.1-9-gdf580d7c3d (webtiles) character file.

Game seed: 2394977854812512649 (custom seed)

3 Psyclone the Conjurer (level 1, 16/16 HPs)
             Began as an Ogre Conjurer on Oct 12, 2023.
             Quit the game on level 1 of the Dungeon.
             The game lasted 00:00:43 (322 turns).

Psyclone the Conjurer (Ogre Conjurer)                Turns: 322, Time: 00:00:43

Health: 16/16      AC:  1    Str: 10    XL:     1   Next: 50%
Magic:  3/3        EV:  9    Int: 19    God:
Gold:   1281       SH:  0    Dex:  7    Spells: 3/4 levels left

rFire   . . .        (no weapon)
rCold   . . .        (no shield)
rNeg    . . .        (body armour restricted)
rPois   .            (helmet restricted)
rElec   .            (no cloak)
rCorr   .            (gloves unavailable)
SInv    .            (boots unavailable)
Will    .....        (no amulet)
Stlth   +            (no ring)
HPRegen 0.22/turn    (no ring)
MPRegen 0.08/turn

%: no passive effects
@: no status effects
A: large, unfitting armour, tough skin 1
a: no special abilities


You were on level 1 of the Dungeon.
You visited 1 branch of the dungeon, and saw 1 of its levels.

You collected 1281 gold pieces.

Inventory:

Armour
 a - a +0 robe
Potions
 b - a potion of magic


   Skills:
 - Level 1.7 Dodging
 - Level 1.4 Stealth
 - Level 2.4 Spellcasting
 + Level 3.8 Conjurations


You had 3 spell levels left.
You knew the following spells:

 Your Spells              Type           Power      Damage    Failure   Level
a - Magic Dart            Conj           64%        1d6       3%          1

Your spell library contained the following spells:

 Spells                   Type           Power      Damage    Failure   Level
 Searing Ray              Conj           32%        2d5       4%          2
 Dazzling Flash           Conj/Hex       18%        N/A       22%         3
 Fulminant Prism          Conj/Hex       4%         3d5       58%         4
 Iskenderun's Mystic Bla  Conj/Tloc      9%         2d4       58%         4


Dungeon Overview and Level Annotations

Branches:
Dungeon (1/15) Zot: 5678

Altars:


Innate Abilities, Weirdness & Mutations

You are too large for most types of armour.
You have tough skin. (AC +1)


Message History

You now have 0/3 mp.
You see here a +0 spear of distortion.
You can't go down here!
Casting: Magic Dart (safe; 3% risk of failure)
Confirm with . or Enter, or press ? or * to list all spells.
You don't have enough magic to cast this spell.
Unknown command.
You see here a +0 spear of distortion.
Casting: Magic Dart (safe; 3% risk of failure)
Confirm with . or Enter, or press ? or * to list all spells.
You don't have enough magic to cast this spell.
Unknown command.
Found a scroll labelled UCAIWU KIGATZ.
Casting: Magic Dart (safe; 3% risk of failure)
Confirm with . or Enter, or press ? or * to list all spells.
You can't see any susceptible monsters within range! (Use Z to cast anyway.) Unknown command.
Okay, then.
Okay, then.
MP restored: 3 You aren't carrying any scrolls.
You start removing your armour.
You continue taking off your +0 robe. x4
You finish taking off your +0 robe.
You can't go down here!
You can't go down here!
You see here a +0 spear of distortion.
Found 4 gold pieces.
You can't go down here!
You can't go down here!
Unknown command.
You see here a +0 spear of distortion.
Sorry, you're not good enough to have a special ability.
Unknown command.
Sorry, you're not good enough to have a special ability.
You start waiting.
You start waiting.
Done waiting.
Unknown command.
Unknown command.
Are you sure you want to abandon this character and quit the game? (Confirm with "yes".)

....
#.#...##.#
#.?##...####.#
#...##?.# #>#
#..#†.# #.#
#.....# #.#
#...).# #.# #
###...####.#.#
#.#........#
#.##...@.#..#
#.##.###.#
..##.# .#
..#..# .#
.......## .#
...?.## .#
..... .. ####
..


There were no monsters in sight!

Vanquished Creatures
  A giant cockroach (D:1)
  A hobgoblin (D:1)
  A bat (D:1)
3 creatures vanquished.

Notes
Turn   | Place    | Note
-------+----------+-------------------------------------------
     0 | D:1      | Psyclone the Ogre Conjurer began the quest for the Orb.
     0 | D:1      | Reached XP level 1. HP: 16/16 MP: 3/3
    21 | D:1      | Identified a scroll of acquirement
    21 | D:1      | Acquired 1272 gold pieces
   322 | D:1      | Quit the game

Illustrated notes

Levels and vault maps discovered:
D:1:      saegor_arrival_simple_c, layout_rooms

Action                     || total
---------------------------++-------
  Melee: Unarmed           ||     1
   Cast: Magic Dart        ||     6
    Use: Scroll            ||     1
 Armour: Robe              ||    17
  Dodge: Dodged            ||    19
